 Dungeon Crawl Stone Soup version 0.29-a0-993-g4a18f31a58 (webtiles) character file.

Game seed: 10262373219706698485

31 jlumianski the Shield-Bearer (level 3, -2/33 HPs)
             Began as a Minotaur Fighter on Aug 2, 2022.
             Slain by Terence
             ... wielding a +0 morningstar
              (7 damage)
             ... on level 2 of the Dungeon.
             The game lasted 00:02:05 (815 turns).

jlumianski the Shield-Bearer (Minotaur Fighter)      Turns: 815, Time: 00:02:05

Health: -2/33      AC:  7    Str: 20    XL:     3   Next: 7%
Magic:  2/2        EV:  9    Int:  7    God:
Gold:   65         SH:  4    Dex:  9    Spells: 2/2 levels left

rFire   . . .      SeeInvis .   i - +3 hand axe
rCold   . . .      Faith    .   c - +0 buckler
rNeg    . . .      Spirit   .   b - +0 scale mail
rPois   .          Reflect  .   (helmet restricted)
rElec   .          Harm     .   (no cloak)
rCorr   .          Rampage  .   (no gloves)
Will    .....                   (no boots)
Stlth   ..........              (no amulet)
HPRegen 0.11/turn               g - ring of flight
MPRegen 0.08/turn               (no ring)

@: flying
A: horns 2, retaliatory headbutt
a: no special abilities


You were on level 2 of the Dungeon.
You visited 1 branch of the dungeon, and saw 2 of its levels.

You collected 65 gold pieces.

Inventory:

Hand Weapons
 a - a +0 war axe
 i - a +3 hand axe (weapon)
Missiles
 e - 17 stones (quivered)
Armour
 b - a +0 scale mail (worn)
 c - a +0 buckler (worn)
Jewellery
 g - a ring of flight (left hand)
Scrolls
 f - a scroll of identify {unknown}
 j - a scroll of teleportation {unknown}
Potions
 d - a potion of might
 h - a potion of magic {unknown}
 k - a potion of cancellation {unknown}


   Skills:
 + Level 4.0 Fighting
 + Level 2.8 Axes
 + Level 4.1 Armour
 + Level 0.1 Dodging
 + Level 4.1 Shields


You had 2 spell levels left.
You didn't know any spells.
Your spell library contained the following spells:

 Spells                   Type           Power      Damage    Failure   Level
 Necrotise                Necr           0%         1d4       86%         1
 Slow                     Hex            0%         N/A       86%         1
 Confusing Touch          Hex            0%         N/A       99%         3
 Vampiric Draining        Necr           0%         2d6       99%         3
 Agony                    Necr           0%         N/A       100%        5


Dungeon Overview and Level Annotations

Branches:
Dungeon (2/15)

Altars:

Annotations:
D:2 Terence


Innate Abilities, Weirdness & Mutations

You have a pair of horns on your head.
You reflexively headbutt those who attack you in melee.


Message History

The slug dart hits you but does no damage.
The dart slug launches a dart at you.
The slug dart hits you but does no damage.
The dart slug launches a dart at you.
The slug dart hits you but does no damage.
The dart slug launches a dart at you.
The slug dart hits you but does no damage.
You block the dart slug's attack. The dart slug bites you.
The dart slug launches a dart at you.
The slug dart hits you but does no damage.
You block the dart slug's attack.
The dart slug bites you but does no damage.
The dart slug bites you. The dart slug barely misses you.
You furiously retaliate!
You headbutt the dart slug!
You kill the dart slug!
You see here a dart slug corpse.
You now have 58 gold pieces (gained 12).
Things that are here:
a +0 club; a +0 sling You now have 65 gold pieces (gained 7).
Terence the Incautious comes into view.
He is wielding a +0 morningstar.
Terence shouts!
A frilled lizard comes into view.
Found 3 stones.
The frilled lizard hisses angrily.
A hobgoblin comes into view.
The hobgoblin shouts!
Terence bares his teeth.
Terence hits you with a +0 morningstar! The frilled lizard barely misses you.
You block Terence's attack.
The frilled lizard bites you but does no damage.
Terence hits you with a +0 morningstar!
The frilled lizard completely misses you.
Terence closely misses you. You block the frilled lizard's attack.
Terence hits you with a +0 morningstar!
* * * LOW HITPOINT WARNING * * *
You block the frilled lizard's attack. Terence hits you with a +0 morningstar!
You die...

#.##....# .#.....
#######.......##.#....
........#.....#... .#
#######.#.#...#...
###.#....... #
#...#......#.# .
####.###...##.#.##...
#....####...#.l....(#
##...........@@g...#
#######.....####....
#...#.# . #.#...#
#.###.# ..# #... .###
##..# ## ...


You could see Terence, a hobgoblin and a frilled lizard.

Vanquished Creatures
  An adder (D:2)
  A dart slug (D:2)
  2 giant cockroaches (D:1)
  A goblin (D:2)
  2 hobgoblins (D:1)
  4 jackals (D:2)
  2 kobolds (D:1)
  A quokka (D:1)
  2 bats (D:1)
  A frilled lizard (D:2)
17 creatures vanquished.

Notes
Turn   | Place    | Note
-------+----------+-------------------------------------------
     0 | D:1      | jlumianski the Minotaur Fighter began the quest for the
                  | Orb.
     0 | D:1      | Reached XP level 1. HP: 19/19 MP: 0/0
    83 | D:1      | Reached XP level 2. HP: 24/27 MP: 1/1
   526 | D:2      | Reached XP level 3. HP: 21/33 MP: 2/2
   806 | D:2      | Noticed Terence
   815 | D:2      | Slain by Terence

Illustrated notes

Levels and vault maps discovered:
D:1:      dpeg_arrival_pond, layout_basic
D:2:      layout_rooms, uniq_terence

Skill      XL: |  1  2 |
---------------+-------+-----
Fighting       | 4 |  4.0
Armour         | 4 |  4.1
Shields        | 4 |  4.1
Axes           | |  2.8
Dodging        | |  0.1

Action                   || total
-------------------------++-------
Melee: War axe           ||    11
       Headbutt          ||     6
       Hand axe          ||     3
Armor: Scale mail        ||    69
Dodge: Dodged            ||    67
Block: Buckler           ||    30

Table legend: (Time is in decaauts)
 A = Elapsed time spent in this place.
 B = Non-inter-level travel time spent in this place.
 C = Inter-level travel time spent in this place.
 D = Time resting spent in this place.
 E = Time spent auto-exploring this place.
 F = Levels seen in this place.
 G = Mean time per level.
                   A        B        C        D        E       F      G
               +--------+--------+--------+--------+--------+-----+--------+
         Total |    819 |    819 |      0 |      0 |    488 |   2 |  409.5 |
       Dungeon |    819 |    819 |      0 |      0 |    488 |   2 |  409.5 |
               +--------+--------+--------+--------+--------+-----+--------+

Top non-repeatable levels by time:
     D:2: 612 daAuts
     D:1: 207 daAuts
